 Dungeon Crawl Stone Soup version 0.31.0-32-g396128a36d (webtiles) character file.

Game seed: 1027301783867148244

15397 Poisondrake the Spear-Bearer (level 12, -9/99 HPs)
             Began as a Minotaur Hunter on Mar 17, 2024.
             Was a High Priest of Hepliaklqana.
             Killed from afar by an ogre mage (16 damage)
             ... with a bolt of magma
             ... on level 2 of the Orcish Mines on Mar 18, 2024.
             The game lasted 01:29:59 (11482 turns).

Poisondrake the Spear-Bearer (Minotaur Hunter)     Turns: 11482, Time: 01:30:00

Health: -9/99      AC: 20    Str: 20    XL:     12   Next: 0%
Magic:  12/12      EV: 11    Int:  6    God:    Hepliaklqana [*****.]
Gold:   725        SH:  5    Dex: 18    Spells: 11/11 levels left

rFire   + . .        d - +6 demon trident of Shame {drain, rN+ Str+3}
rCold   . . .        (no shield)
rNeg    + + .        f - +0 plate armour
rPois   .            (helmet restricted)
rElec   .            (no cloak)
rCorr   .            s - +2 pair of gloves
SInv    .            (no boots)
Will    .....        F - amulet of reflection Stlth
                     q - ring of protection from fire
HPRegen 0.36/turn    o - ring of positive energy
MPRegen 0.13/turn

%: reflection
@: no status effects
A: reduced essence, horns 2, retaliatory headbutt, iridescent scales 1, subdued
magic 1
a: Renounce Religion, Recall Ancestor, Ancestor Identity, Transference, Idealise


You were on level 2 of the Orcish Mines.
You worshipped Hepliaklqana.
Hepliaklqana was extremely pleased with you.
You visited 3 branches of the dungeon, and saw 12 of its levels.
You also visited: Sewer.

You collected 1115 gold pieces.
You spent 390 gold pieces at shops.

Inventory:

Hand Weapons
 d - the +6 demon trident of Shame (weapon) {drain, rN+ Str+3}
   (You acquired it on level 3 of the Dungeon)

   Str+3:     It affects your strength (+3).
   rN+:       It protects you from negative energy.
 y - the +5 rapier of Lempudo {freeze, Fly rPois Int+3 Dex-5}
   (You found it on level 3 of the Dungeon)

   Int+3:     It affects your intelligence (+3).
   Dex-5:     It affects your dexterity (-5).
   rPois:     It protects you from poison Fly: It grants you flight.
 C - the +10 falchion of the Hero {elec, rPois Will+ Dex+3}
   (You found it on level 6 of the Dungeon)

   Dex+3:     It affects your dexterity (+3).
   rPois:     It protects you from poison Will+: It increases your willpower.
Missiles
 i - 3 atropa-tipped darts
 w - 2 curare-tipped darts
Armour
 f - a +0 plate armour (worn)
 s - a +2 pair of gloves (worn)
 z - a +2 robe of fire resistance
Jewellery
 o - a ring of positive energy (right hand)
 q - a ring of protection from fire (left hand)
 v - an amulet of reflection
 F - an amulet of reflection (around neck)
 J - an amulet of faith
Wands
 h - a wand of polymorph (2)
 p - a wand of flame (33) (quivered)
 u - a wand of iceblast (4)
 B - a wand of digging (3)
 E - a wand of paralysis (5)
Scrolls
 a - a scroll of silence
 c - 2 scrolls of fear
 e - 3 scrolls of teleportation
 k - a scroll of fog
 l - 2 scrolls of identify
 t - a scroll of revelation
Potions
 g - 4 potions of brilliance
 j - a potion of cancellation {unknown}
 n - 2 potions of magic
 x - a potion of enlightenment
 A - a potion of degeneration {unknown}
 D - 2 potions of curing
 G - 2 potions of haste


   Skills:
 + Level 11.4 Fighting
 + Level 12.2 Polearms
 - Level 5.8 Ranged Weapons
 - Level 2.0 Throwing
 + Level 10.9 Armour
 * Level 10.2 Dodging
 - Level 5.6 Stealth
 - Level 2.0 Invocations


You had 11 spell levels left.
You didn't know any spells.
Your spell library contained the following spells:

 Spells                   Type           Power      Damage    Failure   Level
 Apportation              Tloc           0%         N/A       100%        1
 Foxfire                  Conj/Fire      0%         2x1d4     100%        1
 Necrotise                Necr           0%         1d4       100%        1
 Shock                    Conj/Air       0%         1d3       100%        1
 Sting                    Conj/Alch      0%         1d3       100%        1
 Summon Small Mammal      Summ           0%         N/A       100%        1
 Ensorcelled Hibernation  Hex/Ice        0%         N/A       100%        2
 Lesser Beckoning         Tloc           0%         N/A       100%        2
 Fugue of the Fallen      Necr           0%         N/A       100%        3
 Gell's Gravitas          Tloc           0%         N/A       100%        3
 Swiftness                Air            0%         N/A       100%        3
 Teleport Other           Tloc           0%         N/A       100%        3
 Tukima's Dance           Hex            0%         N/A       100%        3
 Airstrike                Air            0%         2d(0-16)  100%        4
 Anguish                  Hex/Necr       0%         N/A       100%        4
 Passage of Golubria      Tloc           0%         N/A       100%        4
 Yara's Violent Unravell  Hex/Alch       0%         3d3       100%        5
 Plasma Beam              Fire/Air       0%         2x1d10    100%        6
 Starburst                Conj/Fire      0%         6d3       100%        6


Dungeon Overview and Level Annotations

Branches:
Dungeon (9/15)             Temple (1/1) D:4             Orc (2/2) D:9
    Elf (0/3) Orc:2         Sewer (visited)
   Lair: D:8-11

Altars:
Ashenzari
Cheibriados
Dithmenos
Elyvilon
Fedhas
Gozag
Hepliaklqana
Kikubaaqudgha
Makhleb
Nemelex Xobeh
Okawaru
Qazlal
Ru
Sif Muna
Trog
Uskayaw
Vehumet
Wu Jian
Xom
Yredelemnul
Zin
The Shining One

Shops:
D:4 [   D:7 =   D:8 *   Orc:1 =   Orc:2 ?(:


Innate Abilities, Weirdness & Mutations

Your life essence is reduced to manifest your ancestor. (-10% HP)
You have a pair of horns on your head.
You reflexively headbutt those who attack you in melee.
You are partially covered in iridescent scales. (AC +2)
Your spells are a little easier to cast, but a little less powerful.


Message History

Serena gestures at the ogre while chanting.
The puff of frost hits the ogre!
As you read the scroll of fog, it dissolves into smoke.
You hit the ogre. You drain the ogre. You headbutt the ogre.
The ogre is severely wounded.
You puncture the ogre!
You kill the ogre!
Serena hits the ogre with a +0 quarterstaff!
The ogre barely misses Serena.
You have reached level 12!
You feel stronger.
Serena remembers more of her old skill.
The ogre hits Serena with a +0 giant spiked club!!
Serena barely misses the ogre.
Something hits Serena!!
Serena is destroyed!
You impale the ogre!!
You kill the ogre!
An orc priest comes into view. It is wielding a +0 club.
As you read the scroll of teleportation, it crumbles to dust.
You feel strangely unstable. The two-headed ogre closely misses you.
The two-headed ogre completely misses you.
The orc warrior attacks as it pursues you!
The orc warrior hits you with a +0 hand axe!
* * * LOW HITPOINT WARNING * * *
Your surroundings suddenly seem different. 8 ogres, an ettin, 4 trolls and 3 orcs come into view.
Found three shops.
The ogre shouts!
The ogre mage shouts!
The troll shouts! x2; The ogre shouts!
The troll shouts!
The two-headed ogre shouts in stereo!
The ettin shouts in stereo!
The ogre shouts!
The deep troll shouts!
The troll shouts!
The orc warrior shouts!
The orc shouts!
You hear two shouts!
You hear a shout! x2
The orc throws a boomerang.
You block the boomerang with an invisible shield... and reflect it back!
The boomerang hits the orc but does no damage.
A two-headed ogre comes into view.
It is wielding a +0 giant club and a +0 giant spiked club.
The ogre mage gestures at you while chanting.
The bolt of magma hits you! You partially resist.
You die...

..O..O........
...T.........
###............
....oO.........
...O.o∩......O.
...............
.........O.....
...o...@.O....O
..........T....
.......∩.......
.∩...#..........
...#O#..O.......
###.T.......T...
#.....TTC......
##.............
##.O#....O.##


You could see an ettin, 2 two-headed ogres, 2 ogre magi, a deep troll, 4 trolls,
an orc warrior, 6 ogres and 2 orcs.

Vanquished Creatures
  2 two-headed ogres
  A centaur warrior (D:9)
  2 orc high priests
  Pikel (D:9)
  2 orc sorcerers
  An orc knight (Orc:1)
  2 cyclopes (D:9)
  A hornet (D:9)
  Sigmund (D:3)
  A wyvern (D:7)
  A basilisk (D:9)
  2 steam dragons
  A water moccasin (D:7)
  Duvessa (D:7)
  2 sky beasts
  A black bear (D:4)
  6 orc warriors
  4 wolves (D:9)
  A crocodile (shapeshifter) (D:9)
  9 ogres (Orc:2)
  A lemure (D:9)
  3 kobold brigands
  A bullfrog (D:9)
  3 wights (D:9)
  Dowan (D:7)
  7 killer bees
  An electric eel (D:6)
  A howler monkey (D:4)
  10 orc priests
  A bombardier beetle (D:5)
  2 hounds (D:5)
  2 iguanas
  Jessica (D:2)
  2 sleepcaps
  9 orc wizards
  7 adders
  3 river rats (Sewer)
  3 white imps (D:6)
  A dart slug (D:4)
  5 ribbon worms
  22 orcs
  10 ball pythons
  5 bats
  9 endoplasms
  8 giant cockroaches
  4 hobgoblins
  5 jackals
  6 quokkas
  4 frilled lizards
  8 goblins
  26 kobolds
  9 rats
222 creatures vanquished.

Vanquished Creatures (collateral kills)
  A centaur warrior (D:9)
  A two-headed ogre (Orc:2)
  An arcanist (D:9)
  Maurice (D:7)
  Maggie (D:9)
  A troll (Orc:1)
  A hornet (D:7)
  A slime creature (D:9)
  Grum (D:9)
  3 orc warriors
  An ogre (Orc:2)
  A lemure (D:9)
  4 kobold brigands
  A bullfrog (D:7)
  3 killer bees
  An electric eel (D:6)
  Crazy Yiuf (D:7)
  9 orc priests
  2 hounds
  A jelly (D:5)
  Ijyb (D:5)
  A sleepcap (D:5)
  2 iguanas
  7 orc wizards
  Robin (D:3)
  2 adders
  A ribbon worm (D:4)
  15 orcs
  An endoplasm (Sewer)
  3 giant cockroaches (D:3)
  6 goblins
  4 hobgoblins
  A ball python (D:3)
  A bat (D:3)
  4 kobolds
  A rat (D:3)
87 creatures vanquished.

Vanquished Creatures (others)
  5 battlemagi
  3 ancestors
8 creatures vanquished.

Grand Total: 317 creatures vanquished

Notes
Turn   | Place    | Note
-------+----------+-------------------------------------------
     0 | D:1      | Poisondrake the Minotaur Hunter began the quest for the
                  | Orb.
     0 | D:1      | Reached XP level 1. HP: 18/18 MP: 0/0
    40 | D:1      | Reached skill level 1 in Stealth
   208 | D:1      | Reached XP level 2. HP: 25/25 MP: 1/1
   935 | D:2      | Reached XP level 3. HP: 24/30 MP: 2/2
  1145 | D:2      | Found a faded altar of an unknown god.
  1172 | D:2      | Prayed at the altar of an unknown god.
  1172 | D:2      | Became a worshipper of Hepliaklqana the Forgotten
  1172 | D:2      | Reached * piety under Hepliaklqana
  1247 | D:2      | Noticed Jessica
  1262 | D:2      | Killed Jessica
  1263 | D:2      | Reached XP level 4. HP: 11/34 MP: 3/3
  1389 | D:2      | Reached skill level 5 in Ranged Weapons
  1678 | D:3      | Found a glowing drain.
  1781 | Sewer    | Entered a sewer
  1802 | Sewer    | Noticed a kobold brigand
  1839 | Sewer    | Killed a kobold brigand
  1840 | Sewer    | Reached skill level 1 in Armour
  1840 | Sewer    | Reached skill level 1 in Invocations
  1840 | Sewer    | Reached XP level 5. HP: 6/41 MP: 4/4
  2635 | Sewer    | Reached XP level 6. HP: 33/46 MP: 6/6
  2941 | D:3      | Noticed Sigmund
  2979 | D:3      | Killed Sigmund
  2980 | D:3      | Reached skill level 1 in Throwing
  2980 | D:3      | Reached XP level 7. HP: 5/54 MP: 7/7
  3413 | D:3      | Reached ** piety under Hepliaklqana
  3425 | D:3      | Identified the +5 rapier of Lempudo {freeze, Fly rPois
                  | Int+3 Dex-5}
  3466 | D:3      | Remembered your ancestor Serena as a battlemage
  3613 | D:3      | Noticed Robin
  3623 | D:3      | Killed Robin
  3952 | D:3      | Identified a scroll of acquirement
  3952 | D:3      | Acquired the +6 demon trident of Shame {drain, rN+ Str+3}
  4088 | D:3      | Reached skill level 9 in Polearms
  4088 | D:3      | Reached XP level 8. HP: 66/66 MP: 8/8
  4091 | D:3      | Gained mutation: Your spells are a little easier to cast,
                  | but a little less powerful. [potion of mutation]
  4091 | D:3      | Gained mutation: Your movements are slightly less
                  | encumbered by armour. (ER -2) [potion of mutation]
  4091 | D:3      | Gained mutation: You have large cloven feet. [potion of
                  | mutation]
  4118 | D:4      | Found a staircase to the Ecumenical Temple.
  4129 | Temple   | Entered the Ecumenical Temple
  4337 | D:4      | Found a sacrificial altar of Ru.
  4397 | D:4      | Found a glowing golden altar of the Shining One.
  4648 | D:4      | Found Xucocveq's Antique Armour Emporium.
  4739 | D:4      | Reached *** piety under Hepliaklqana
  4895 | D:4      | Found a white marble altar of Elyvilon.
  5030 | D:5      | Entered Level 5 of the Dungeon
  5257 | D:5      | Noticed Ijyb
  5260 | D:5      | Killed Ijyb
  5566 | D:5      | Found an opulent altar of Gozag.
  6005 | D:6      | Reached **** piety under Hepliaklqana
  6140 | D:6      | Reached XP level 9. HP: 73/73 MP: 9/9
  6301 | D:6      | Found a transporter.
  6318 | D:6      | Found a transporter.
  6410 | D:6      | Identified the +10 falchion of the Hero {elec, rPois Will+
                  | Dex+3}
  6960 | D:7      | Found a runed translucent door.
  6961 | D:7      | Noticed Crazy Yiuf
  6965 | D:7      | Killed Crazy Yiuf
  7025 | D:7      | Identified the flux talisman of the Blizzard {Int+3}
  7084 | D:7      | Found Vatelimn's Jewellery Shoppe.
  7107 | D:7      | Bought an amulet of reflection for 390 gold pieces
  7225 | D:7      | Reached skill level 10 in Polearms
  7277 | D:7      | Noticed Maurice
  7283 | D:7      | Something stole the +5 rapier of Lempudo {freeze, Fly rPois
                  | Int+3 Dex-5}
  7285 | D:7      | Killed Maurice
  7286 | D:7      | Noticed Duvessa
  7286 | D:7      | Noticed Dowan
  7292 | D:7      | Killed Duvessa
  7297 | D:7      | Killed Dowan
  7788 | D:8      | Reached ***** piety under Hepliaklqana
  7889 | D:8      | Found a basalt altar of Yredelemnul.
  8040 | D:8      | Found a sparkling altar of Nemelex Xobeh.
  8234 | D:8      | Found Egiday's Changing Room.
  8341 | D:8      | Lost mutation: You have large cloven feet. [potion of
                  | mutation]
  8341 | D:8      | Lost mutation: Your movements are slightly less encumbered
                  | by armour. (ER -2) [potion of mutation]
  8341 | D:8      | Gained mutation: You have hidden genetic defects. [potion
                  | of mutation]
  8341 | D:8      | Lost mutation: You have hidden genetic defects. [potion of
                  | mutation]
  8341 | D:8      | Gained mutation: You are partially covered in iridescent
                  | scales. (AC +2) [potion of mutation]
  8642 | D:9      | Reached XP level 10. HP: 76/81 MP: 10/10
  8987 | D:9      | Noticed Pikel
  8998 | D:9      | Killed Pikel
  9034 | D:9      | Noticed a two-headed ogre
  9038 | D:9      | Killed a two-headed ogre
  9152 | D:9      | Noticed a cyclops
  9152 | D:9      | Noticed a skeletal warrior
  9152 | D:9      | Noticed a centaur warrior
  9161 | D:9      | Killed a centaur warrior
  9164 | D:9      | HP: 4/83 [skeletal warrior/+0 halberd (13)]
  9170 | D:9      | Noticed an arcanist
  9190 | D:9      | Found a shimmering blue altar of Sif Muna.
  9216 | D:9      | Noticed Maggie
  9222 | D:9      | Paralysed by a hornet for 1 turns
  9265 | D:9      | Killed a cyclops
  9266 | D:9      | Reached skill level 10 in Fighting
  9275 | D:9      | Found a staircase to the Orcish Mines.
  9277 | D:9      | Killed Maggie
  9278 | D:9      | Reached skill level 11 in Polearms
  9278 | D:9      | Reached skill level 5 in Stealth
  9331 | D:9      | Noticed Grum
  9341 | D:9      | Killed Grum
  9342 | D:9      | Reached XP level 11. HP: 80/90 MP: 11/11
  9579 | D:9      | Killed an arcanist
  9709 | D:9      | Found an iron altar of Okawaru.
  9712 | D:9      | Found a burning altar of Makhleb.
  9715 | D:9      | Found a hazy altar of Hepliaklqana.
  9718 | D:9      | Found a snail-covered altar of Cheibriados.
  9823 | D:9      | Identified the +4 scale mail of Sif Muna's Regard {rF+
                  | Regen+ Stlth+}
  9971 | D:9      | Noticed a centaur warrior
  9974 | D:9      | Killed a centaur warrior
  9982 | D:9      | Reached skill level 10 in Armour
 10118 | Orc:1    | Entered Level 1 of the Orcish Mines
 10200 | Orc:1    | Noticed an orc high priest
 10216 | Orc:1    | Killed an orc high priest
 10472 | Orc:1    | Noticed an orc sorcerer
 10477 | Orc:1    | Killed an orc sorcerer
 10729 | Orc:1    | Noticed an orc knight
 10744 | Orc:1    | Killed an orc knight
 10856 | Orc:1    | Found Riti Fuga's Jewellery Shoppe.
 10928 | Orc:2    | Entered Level 2 of the Orcish Mines
 10940 | Orc:2    | Found a staircase to the Elven Halls.
 11003 | Orc:2    | Noticed an orc sorcerer
 11009 | Orc:2    | Killed an orc sorcerer
 11145 | Orc:2    | Noticed an orc high priest
 11156 | Orc:2    | Killed an orc high priest
 11157 | Orc:2    | Reached skill level 12 in Polearms
 11393 | Orc:2    | Noticed a two-headed ogre
 11400 | Orc:2    | Noticed a two-headed ogre
 11404 | Orc:2    | Noticed a two-headed ogre
 11408 | Orc:2    | Killed a two-headed ogre
 11443 | Orc:2    | Killed a two-headed ogre
 11444 | Orc:2    | Reached skill level 10 in Dodging
 11474 | Orc:2    | Reached XP level 12. HP: 12/99 MP: 12/12
 11482 | Orc:2    | Found Luyrim's Book Shoppe.
 11482 | Orc:2    | Found Jyveutoulo's Antique Weapon Emporium.
 11482 | Orc:2    | Found Gujaveno's Magic Scroll Shop.
 11482 | Orc:2    | Noticed an ogre mage
 11482 | Orc:2    | Noticed an ogre mage
 11482 | Orc:2    | Noticed a two-headed ogre
 11482 | Orc:2    | Noticed an ettin
 11482 | Orc:2    | Noticed a two-headed ogre
 11482 | Orc:2    | Killed from afar by an ogre mage

Illustrated notes

Levels and vault maps discovered:
D:1:      ldierk_walled_garden_2, layout_loops_ring
D:2:      layout_rooms, basic_ecumenical_altar, serial_park_tiny_pond,
          uniq_jessica
D:3:      layout_loops_corners, gup_sewer_entry_glass, uniq_sigmund, uniq_robin
D:4:      layout_gridville, nicolae_ru_awakened_eye, lemuel_doored_altar,
          amcnicky_altar_gilded, serial_shops, nicolae_shop_tiny_waterfront
D:5:      layout_basic, nicolae_gozag_cash_rules_everything_around_me,
          ldierk_geyser, grunt_ministairs_12, uniq_ijyb
D:6:      gammafunk_steamed_eel, layout_basic, nicolae_figureground_pulse
D:7:      layout_rooms, minmay_misc_feat_square,
          minmay_shop_enchanted_jewellery, kennysheep_generic_room_6,
          uniq_crazy_yiuf_cottage, uniq_maurice, uniq_duvessa
D:8:      layout_basic, nemelex_altar_shiori, lemuel_round_altar,
          nicolae_transmutations_shop
D:9:      minmay_sliced_demisemicircle, layout_irregular_city,
          grunt_temple_overflow_cloverleaf, nicolae_sif_muna_condensation,
          orc_0_dummy, nicolae_concentric_dashed_squares_wild, uniq_grum,
          uniq_pikel, uniq_maggie
Temple:   minmay_temple_curvy_loop
Orc:1:    layout_diamond_mine, serial_shops, shop, shop, nicolae_orc_seminary
Orc:2:    st_orc_open, layout_diamond_mine

Skill      XL: |  1  2  3  4  5  6  7  8  9 10 11 |
---------------+----------------------------------+-----
Stealth        | 1 2 4 5 |  5.6
Fighting       | 3 4 8 9 10 11 | 11.4
Dodging        | 3 4 7 8 10 | 10.2
Ranged Weapons | 5 |  5.8
Armour         | 1 2 3 7 8 9 10 | 10.9
Invocations    | 1 2 |  2.0
Throwing       | 1 2 |  2.0
Polearms       | 9 10 11 12 | 12.2

Action                     |  1- 3 |  4- 6 |  7- 9 | 10-12 || total
---------------------------+-------+-------+-------+-------++-------
  Melee: Shortbow          |       |     3 |       |       ||     3
         Demon trident     |       |       |   122 |   182 ||   304
         Headbutt          |       |       |    24 |    30 ||    54
         Kick              |       |       |    22 |       ||    22
         Punch             |       |       |       |     3 ||     3
   Fire: Shortbow          |   117 |   189 |    30 |       ||   336
  Throw: Dart              |     3 |     1 |       |     2 ||     6
 Invoke: Ancestor Identity |     2 |       |       |       ||     2
         Ancestor Life: Ba |       |       |     1 |       ||     1
         Idealise          |       |       |       |     1 ||     1
  Evoke: Wand              |       |       |     4 |    19 ||    23
    Use: Scroll            |       |       |    19 |     7 ||    26
         Potion            |       |       |     4 |     5 ||     9
   Stab: Distracted        |       |       |     1 |     1 ||     2
 Armour: Leather armour    |     1 |       |       |       ||     1
         Ring mail         |    31 |     1 |       |       ||    32
         Scale mail        |       |    82 |    11 |       ||    93
         Plate armour      |       |       |    54 |   101 ||   155
  Dodge: Dodged            |    49 |    53 |    37 |    36 ||   175
  Block: Other             |       |       |     3 |    16 ||    19
         Reflection        |       |       |       |     3 ||     3
